 Dungeon Crawl Stone Soup version 0.14-a0-586-g2535b90 (webtiles) character file.

1020 dertyp the Fighter (level 7, -17/63 HPs)
             Began as a Hill Orc Fighter on Nov 3, 2013.
             Was a Follower of Makhleb.
             Demolished by Menkaure (20 damage)
             ... on Level 6 of the Dungeon.
             The game lasted 00:34:39 (5565 turns).

dertyp the Fighter (Hill Orc Fighter)               Turns: 5565, Time: 00:34:39

HP -17/63        AC 11     Str 20      XL: 7   Next: 76%
MP   6/6         EV  7     Int  8      God: Makhleb [*.....]
Gold 278         SH 19     Dex  9 (11) Spells:  0 memorised,  6 levels left

Res.Fire  : + . .   See Invis. : .   C - +5,+2 short sword (protect)
Res.Cold  : + . .   Warding    : .   p - +0 ring mail {rC+}
Life Prot.: . . .   Conserve   : .   c - +0 orc shield
Res.Poison: .       Res.Corr.  : .   b - +0 helmet
Res.Elec. : .       Clarity    : .   (no cloak)
Sust.Abil.: . .     Spirit.Shd : .   (no gloves)
Res.Mut.  : .       Stasis     : .   (no boots)
Res.Rott. : .       Flight     : .   (no amulet)
Saprovore : + . .                    (no ring)
                                     u - ring of protection from fire

@: slightly resistant to hostile enchantments, unstealthy
A: saprovore 1
a: Renounce Religion


You were on level 6 of the Dungeon.
You worshipped Makhleb.
Makhleb was aware of your devotion.
You were not hungry.

You visited 1 branch of the dungeon, and saw 6 of its levels.

You collected 278 gold pieces.

Inventory:

Hand weapons
 C - a +5,+2 short sword of protection (weapon)
Armour
 b - a +0 helmet (worn)
 c - a +0 orcish shield (worn)
 p - a +0 ring mail of cold resistance (worn)
Comestibles
 a - a beef jerky
 k - 2 bread rations
 m - an apple
Scrolls
 j - 3 scrolls of enchant armour
 l - 4 scrolls of remove curse
 n - 2 scrolls of teleportation
 o - 2 scrolls of fog {unknown}
 q - 3 scrolls of random uselessness {unknown}
 r - 2 scrolls of curse armour {unknown}
 t - 2 scrolls of noise {unknown}
 x - 3 scrolls of fear {unknown}
 y - 3 scrolls of amnesia {unknown}
 B - a scroll of magic mapping {unknown}
 D - a scroll of recharging {unknown}
Jewellery
 u - a ring of protection from fire (left hand)
Potions
 e - 2 potions of curing
 i - a potion of resistance
 s - 2 potions of might
 E - a potion of speed


   Skills:
 - Level 9.1 Fighting
   Level 2.2 Maces & Flails
 - Level 3.6 Armour
 - Level 0.1 Dodging
 + Level 3.4 Stealth
 - Level 3.4 Shields


You had 6 spell levels left.
You didn't know any spells.

Dungeon Overview and Level Annotations

Branches:
Dungeon (6/27)             Temple (0/1) D:6
    Orc: D:6-11

Altars:
Makhleb

Annotations:
D:5 Eustachio
D:6 Menkaure


Innate Abilities, Weirdness & Mutations

You can tolerate rotten meat.


Message History

You hit Menkaure but do no damage.
Menkaure is heavily damaged.
Menkaure barely misses you.
You hit Menkaure.
Menkaure is almost destroyed.
You block Menkaure's attack. Menkaure hits you.
* * * LOW HITPOINT WARNING * * *
You hit Menkaure but do no damage.
Menkaure is almost destroyed.
Menkaure closely misses you.
Your shield prevents you from hitting Menkaure.
Menkaure is almost destroyed.
Menkaure calls on the powers of darkness!
Your body is wracked with pain!
* * * LOW HITPOINT WARNING * * *
You block Menkaure's attack.
Your shield and ring mail prevent you from hitting Menkaure.
Menkaure is almost destroyed.
Menkaure hits you!
You die...

#.......# ...
#.......# .......
+.......# ......>.
#.......+ .......
#..h....# ...... #h#
..... #h# .... #M###
#.### #.@.## ##:..####
###..# ........# ##.#
#####.### #####.###
#...#...######.......#
###.###.....##.......#
......#.###..........#
###.#.#.# ####.......#
....#...# #.......#


You could see Menkaure and 3 jackals.

Vanquished Creatures
  A phantom (D:5)
  2 ogres (D:4)
  A crimson imp (D:5)
  4 hounds (D:4)
  An orc wizard (D:5)
  A gnoll shaman (D:5)
  2 worker ants
  Terence (D:3)
  6 adders
  4 gnolls (D:5)
  A lemure (D:5)
  2 worms
  2 ufetubi (D:5)
  A giant eyeball (D:4)
  4 giant geckos
  13 orcs
  11 bats
  9 goblins
  13 hobgoblins
  3 jackals (D:5)
  4 giant cockroaches
  5 giant newts
  8 kobolds
  A quokka (D:3)
  8 rats
108 creatures vanquished.

Notes
Turn   | Place    | Note
--------------------------------------------------------------
     0 | D:1      | dertyp, the Hill Orc Fighter, began the quest for the Orb.
     0 | D:1      | Reached XP level 1. HP: 19/19 MP: 0/0
   171 | D:1      | Reached XP level 2. HP: 26/26 MP: 1/1
   462 | D:1      | Reached skill level 4 in Fighting
   877 | D:2      | Reached XP level 3. HP: 33/33 MP: 2/2
  1535 | D:2      | Reached skill level 5 in Fighting
  1905 | D:3      | Reached XP level 4. HP: 38/40 MP: 3/3
  2125 | D:3      | Noticed Terence
  2207 | D:3      | Killed Terence
  2974 | D:4      | Found a burning altar of Makhleb.
  2986 | D:4      | Reached skill level 6 in Fighting
  2986 | D:4      | Reached XP level 5. HP: 45/48 MP: 4/4
  2998 | D:4      | Became a worshipper of Makhleb the Destroyer
  3134 | D:4      | Noticed an ogre
  3207 | D:4      | Reached skill level 7 in Fighting
  3218 | D:4      | Paralysed by a giant eyeball for 3 turns
  3232 | D:4      | Paralysed by a giant eyeball for 4 turns
  3351 | D:4      | HP: 2/48 [orc priest/divine providence (12)]
  3678 | D:4      | Reached XP level 6. HP: 56/56 MP: 5/5
  3716 | D:4      | Killed an ogre
  3716 | D:4      | Reached skill level 8 in Fighting
  3791 | D:4      | Noticed an ogre
  3800 | D:4      | Killed an ogre
  3964 | D:4      | Reached skill level 9 in Fighting
  3964 | D:4      | Reached XP level 7. HP: 60/63 MP: 6/6
  4331 | D:5      | Entered Level 5 of the Dungeon
  4418 | D:5      | Reached skill level 1 in Stealth
  4514 | D:5      | Noticed Eustachio
  4551 | D:5      | Acquired Makhleb's first power
  5437 | D:6      | Found a staircase to the Ecumenical Temple.
  5544 | D:6      | Noticed Menkaure
  5562 | D:6      | HP: 3/63 [Menkaure (3)]
  5565 | D:6      | Demolished by Menkaure

Action                   |  1- 3 |  4- 6 |  7- 9 || total
-------------------------+-------+-------+-------++-------
Melee: Mace              |    18 |       |       ||    18
       Dagger            |   200 |    97 |       ||   297
       Short sword       |       |   167 |   236 ||   403
Throw: Tomahawk          |       |    13 |    10 ||    23
  Use: Scroll            |     3 |     4 |     3 ||    10
       Potion            |       |       |     7 ||     7
